[Event "Team 45 45 League T34"]
[Site "Internet Chess Club"]
[Date "2007.07.21"]
[Round "1"]
[White "Zornorph"]
[Black "coolster"]
[Result "1-0"]
[WhiteElo "1966"]
[BlackElo "1821"]
[Opening "English: Bremen system with ...g6"]
[ECO "A24"]
[Time "17:03:40"]
[TimeControl "2700+45"]

1. c4 e5 2. Nc3 Nf6 3. g3 g6 4. Bg2 Bg7 5. Nf3 d6 6. d4 exd4 7. Nxd4 O-O 8. Qb3
c6 9. h3 Qc7 10. O-O Nbd7 11. Rd1 Nc5 12. Qc2 Be6 13. Nxe6 fxe6 14. Rb1 a5 15.
b3 d5 16. Ba3 b6 17. cxd5 cxd5 18. Na4 Rfc8 19. Rbc1 Nfd7 20. Qd2 Qb7 21. Nc3
Bxc3 22. Rxc3 b5 23. Bb2 Qb6 24. Qd4 {Black resigns} 1-0

[Event "Team 45 45 League T34"]
[Site "Internet Chess Club"]
[Date "2007.07.21"]
[Round "1"]
[White "touchthis"]
[Black "kabindra"]
[Result "0-1"]
[WhiteElo "1776"]
[BlackElo "1806"]
[Opening "two knights: Max Lange attack"]
[ECO "C55"]
[Time "13:00:58"]
[TimeControl "2700+45"]

1. e4 e5 2. d4 exd4 3. Nf3 Nc6 4. Bc4 Nf6 5. O-O Bc5 6. e5 d5 7. exd6 Qxd6 8.
Re1+ Be6 9. Bxe6 fxe6 10. Bg5 O-O-O 11. Nbd2 Rde8 12. Bxf6 gxf6 13. Ne4 Qe7 14.
c3 Rd8 15. cxd4 Bxd4 16. Nxd4 Rxd4 17. Qb3 f5 18. Ng3 Rb4 19. Qc3 Rf8 20. a3 Rg4
21. Re2 f4 22. Qc4 e5 23. Nf1 Rfg8 24. f3 R4g6 25. Rd1 Qg7 26. Rdd2 Nd4 27. Kf2
Rxg2+ 28. Ke1 Nxf3+ 29. Kd1 Nxd2 30. Rxd2 Rxd2+ 31. Nxd2 Rd8 {White resigns} 0-1

[Event "Team 45 45 League T34"]
[Site "Internet Chess Club"]
[Date "2007.07.21"]
[Round "1"]
[White "TrickyBishop"]
[Black "tammany"]
[Result "0-1"]
[WhiteElo "1683"]
[BlackElo "1633"]
[Opening "Nimzo-Indian: classical variation"]
[ECO "E32"]
[Time "17:02:47"]
[TimeControl "2700+45"]

1. d4 Nf6 2. c4 e6 3. Nc3 Bb4 4. Qc2 O-O 5. Bg5 h6 6. Bh4 d5 7. cxd5 exd5 8. Nf3
Be7 9. e3 Nbd7 10. Bd3 b6 11. Ne5 Bb7 12. Nb5 Nxe5 13. dxe5 Ne8 14. Bxe7 Qxe7
15. f4 Qh4+ 16. g3 Qg4 17. Nd4 c5 18. Bf5 Qh5 19. Nb5 a6 20. Na3 Qf3 21. Rf1
Qxe3+ 22. Qe2 Qxe2+ 23. Kxe2 Nc7 24. Rad1 a5 25. h4 Ba6+ 26. Bd3 c4 27. Bb1 Rfe8
28. Kf3 Rad8 29. h5 d4 30. Nc2 d3 31. Ne3 Bb7+ 32. Kf2 b5 33. Rg1 Nd5 34. Nxd5
Rxd5 35. g4 Rd4 36. g5 Rxf4+ 37. Kg3 Rf3+ 38. Kh2 Rxe5 39. gxh6 Rxh5+ {White
resigns} 0-1

[Event "Team 45 45 League T34"]
[Site "Internet Chess Club"]
[Date "2007.07.22"]
[Round "1"]
[White "alastorx"]
[Black "Karpyan"]
[Result "0-1"]
[WhiteElo "1842"]
[BlackElo "1972"]
[Opening "Queen's pawn game"]
[ECO "D04"]
[Time "11:04:52"]
[TimeControl "2700+45"]

1. d4 d5 2. Nf3 Nf6 3. e3 Bf5 4. c4 e6 5. Nc3 c6 6. Qa4 Nbd7 7. Nh4 Nb6 8. Qb3
dxc4 9. Bxc4 Nxc4 10. Qxc4 Be4 11. Nxe4 Nxe4 12. Nf3 Qa5+ 13. Bd2 Nxd2 14. Nxd2
Bb4 15. Qc2 O-O 16. Ke2 e5 17. Nc4 Qb5 18. a3 Bd6 19. Rhd1 exd4 20. Rxd4 Be7 21.
Ke1 Rad8 22. Rad1 Qg5 23. f4 Qg6 24. Qf2 Rxd4 25. Rxd4 Qb1+ 26. Rd1 Qe4 27. g4
Qxc4 {White resigns} 0-1

[Event "Team 45 45 League T34"]
[Site "Internet Chess Club"]
[Date "2007.07.21"]
[Round "1"]
[White "gong"]
[Black "chinta"]
[Result "1-0"]
[WhiteElo "1765"]
[BlackElo "1663"]
[Opening "Sicilian: Labourdonnais-Löwenthal variation"]
[ECO "B32"]
[Time "14:53:28"]
[TimeControl "2700+45"]

1. e4 c5 2. Nf3 Nc6 3. d4 cxd4 4. Nxd4 e5 5. Nxc6 bxc6 6. Bc4 Bb7 7. O-O Bc5 8.
Nc3 Nf6 9. Bg5 h6 10. Bh4 g5 11. Bg3 d6 12. Qe2 h5 13. Rad1 Qc7 14. h4 Bc8 15.
Qd2 Bg4 16. Rde1 gxh4 17. Bxh4 Nh7 18. Qh6 f6 19. Bxf6 Rf8 20. Qg6+ Rf7 21.
Bxf7+ Qxf7 22. Qxf7+ Kxf7 23. Bh4 Rg8 24. Kh2 Nf8 25. f3 Be6 26. a3 Ng6 27. Bf2
Nf4 28. Bg3 Ng6 29. Na4 h4 30. Bf2 Nf4 31. Nxc5 Rxg2+ 32. Kh1 dxc5 33. Bxh4 Rg7
34. Rf2 Rh7 35. Rh2 Bh3 36. Bg3 Bg2+ 37. Kg1 Bh3 38. Bxf4 exf4 39. Rd1 Ke6 40.
Rd3 Ke5 41. c4 Rg7+ 42. Kf2 Be6 43. b3 Rg5 44. Rg2 Rxg2+ 45. Kxg2 a5 46. Kf2 a4
47. bxa4 Bxc4 48. Rc3 Kd4 49. Rc1 Bd3 50. a5 Bb5 51. Rb1 c4 52. Rb4 Kc5 53. Ke1
c3 54. e5 Bc4 55. Rxc4+ Kxc4 56. e6 {Black resigns} 1-0

[Event "Team 45 45 League T34"]
[Site "Internet Chess Club"]
[Date "2007.07.21"]
[Round "1"]
[White "NFK"]
[Black "SATELLITE-DAN"]
[Result "1-0"]
[WhiteElo "1731"]
[BlackElo "1663"]
[Opening "Two knights defense"]
[ECO "C55"]
[Time "13:55:45"]
[TimeControl "2700+45"]

1. e4 e5 2. Nf3 Nc6 3. d4 exd4 4. Bc4 Nf6 5. O-O d5 6. exd5 Nxd5 7. Re1+ Be6 8.
Ng5 Be7 9. Nxe6 fxe6 10. Rxe6 Nf6 11. Bg5 g6 12. Bxf6 Rf8 13. Bxe7 Nxe7 14. c3
c6 15. cxd4 Qc7 16. Qg4 Rf5 17. Nc3 O-O-O 18. Re5 h5 19. Qe4 Rxd4 20. Rxe7 Rxe4
21. Rxc7+ Kxc7 22. Nxe4 {Black resigns} 1-0

[Event "Team 45 45 League T34"]
[Site "Internet Chess Club"]
[Date "2007.07.20"]
[Round "1"]
[White "Konstantinos"]
[Black "BrerRabbit"]
[Result "1-0"]
[WhiteElo "1683"]
[BlackElo "1559"]
[Opening "Sicilian defense"]
[ECO "B40"]
[Time "11:00:28"]
[TimeControl "2700+45"]

1. e4 c5 2. Nf3 e6 3. Nc3 Nc6 4. Be2 Nf6 5. d4 cxd4 6. Nxd4 d5 7. exd5 Nxd5 8.
Nxc6 bxc6 9. Ne4 Be7 10. O-O O-O 11. c3 Qc7 12. Qc2 Rb8 13. Re1 c5 14. Nd2 Bb7
15. Bd3 h6 16. Be4 c4 17. Nf3 Bf6 18. Bd2 Ba8 19. Rad1 Rb5 20. Nd4 Rb6 21. Be3
Nxe3 22. Rxe3 Bxe4 23. Rxe4 Qb7 24. Re2 Rb8 25. Rb1 a5 26. Qa4 Qa6 27. Rc2 Rd8
28. Rd2 Rbd6 29. Rdd1 Bxd4 30. Rxd4 Rxd4 31. cxd4 Rxd4 32. Qe8+ Kh7 33. Qxf7 Qd6
34. h3 Rd1+ 35. Rxd1 Qxd1+ 36. Kh2 Qd4 37. Qxe6 Qxb2 38. Qxc4 Qxa2 39. Qxa2
{Black resigns} 1-0

[Event "Team 45 45 League T34"]
[Site "Internet Chess Club"]
[Date "2007.07.23"]
[Round "1"]
[White "chickenhead"]
[Black "WillsGambit"]
[Result "1-0"]
[WhiteElo "1919"]
[BlackElo "1655"]
[Opening "English opening"]
[ECO "A10"]
[Time "10:01:45"]
[TimeControl "2700+45"]

1. c4 d5 2. cxd5 c6 3. dxc6 Qc7 4. cxb7 Bxb7 5. Nc3 a6 6. d4 Nc6 7. e3 O-O-O 8.
Bd2 Nf6 9. Rc1 e5 10. Nf3 Kb8 11. dxe5 Ng4 12. Qa4 Ngxe5 13. Nxe5 Nxe5 14. Bxa6
Nd3+ 15. Bxd3 Rxd3 16. Nb5 {Black resigns} 1-0

[Event "Team 45 45 League T34"]
[Site "Internet Chess Club"]
[Date "2007.07.22"]
[Round "1"]
[White "FiendAngelical"]
[Black "VanillaQueen"]
[Result "0-1"]
[WhiteElo "1798"]
[BlackElo "1851"]
[Opening "Scandinavian (center counter) defense"]
[ECO "B01"]
[Time "14:01:35"]
[TimeControl "2700+45"]

1. e4 d5 2. exd5 Qxd5 3. Nc3 Qa5 4. d4 Nf6 5. Nf3 Ne4 6. Bd3 Nxc3 7. bxc3 g6 8.
O-O Bg7 9. Re1 O-O 10. Bd2 Qa3 11. Ne5 Qd6 12. Bf4 Qd8 13. Qf3 Nd7 14. Ng4 Nf6
15. Nh6+ Kh8 16. Bc4 e6 17. Bg5 Rb8 18. Re4 Nxe4 19. Bxd8 Bxh6 20. Qxe4 Rxd8 21.
Qh4 Bd7 22. Qxh6 Bc6 23. Qf4 Rd7 24. Qf6+ Kg8 25. Re1 Re8 26. f4 Bd5 27. Bxd5
Rxd5 28. Re5 Red8 29. g3 c5 30. Rxd5 Rxd5 31. c4 Rxd4 32. c3 Rd1+ 33. Kf2 Rd2+
34. Ke3 Rxa2 35. Qd8+ Kg7 36. h4 b6 37. h5 gxh5 38. Qg5+ Kf8 39. Qxh5 Kg8 40.
Qg5+ Kf8 41. Qd8+ Kg7 42. Qd1 Kf8 43. Ke4 Rg2 44. Kf3 Ra2 45. Qb1 Ra3 46. Qb2
Ra4 47. Qb3 Ra1 48. Qb2 Ra4 49. Qb3 Ra1 50. Qc2 Kg7 51. Ke3 Re1+ 52. Kf2 Rh1 53.
Kg2 Ra1 54. Qe2 Ra3 55. Kh3 Ra1 56. Kg4 f5+ 57. Kg5 h6+ {White resigns} 0-1

[Event "Team 45 45 League T34"]
[Site "Internet Chess Club"]
[Date "2007.07.21"]
[Round "1"]
[White "Ingo"]
[Black "NJKnight"]
[Result "1-0"]
[WhiteElo "1741"]
[BlackElo "1587"]
[Opening "French: Tarrasch, Leningrad variation"]
[ECO "C06"]
[Time "11:59:18"]
[TimeControl "2700+45"]

1. e4 e6 2. d4 d5 3. Nd2 Nf6 4. e5 Nfd7 5. Bd3 c5 6. c3 Nc6 7. Ne2 cxd4 8. cxd4
Nb6 9. O-O Bd7 10. a3 Rc8 11. Nf3 Be7 12. Nc3 O-O 13. Bc2 f5 14. exf6 Bxf6 15.
Qd3 g6 16. Bh6 Re8 17. g3 e5 18. dxe5 Nxe5 19. Nxe5 Bf5 20. Qd2 Rxe5 21. Bb3 Kh8
22. Bf4 Re7 23. Rfe1 Rxe1+ 24. Rxe1 d4 25. Nb5 Qd7 26. Nd6 Rf8 27. Nxf5 gxf5 28.
Be5 Bxe5 29. Rxe5 Qd6 30. Qf4 Qd7 31. Be6 Qc7 32. Qxd4 {Black resigns} 1-0

[Event "Team 45 45 League T34"]
[Site "Internet Chess Club"]
[Date "2007.07.21"]
[Round "1"]
[White "hidude"]
[Black "Lazerpawn"]
[Result "0-1"]
[WhiteElo "1518"]
[BlackElo "1686"]
[Opening "Petrov: Nimzovich attack"]
[ECO "C42"]
[Time "13:02:14"]
[TimeControl "2700+45"]

1. e4 e5 2. Nf3 Nf6 3. Nxe5 d6 4. Nf3 Nxe4 5. Nc3 d5 6. d4 c6 7. Bf4 Bb4 8. Qd3
O-O 9. Be2 Bf5 10. Nd2 Nxc3 11. Qxf5 Nxe2 12. Kxe2 Re8+ 13. Kd1 c5 14. c3 Ba5
15. dxc5 d4 16. c4 Qe7 17. Qg4 Nc6 18. Bd6 Qe6 19. Qxe6 fxe6 20. Nb3 Bd8 21. Re1
e5 22. f4 e4 23. Be5 e3 24. Bxd4 Nxd4 25. Nxd4 Ba5 26. Re2 Rad8 27. Kc2 Rxd4 28.
Rd1 Rxf4 29. Rd5 Rf2 30. Kd1 Bc7 31. Rd7 Rf1+ 32. Kc2 Rf7 33. Rd3 Bxh2 34. Rdxe3
Rxe3 35. Rxe3 Rf2+ 36. Kc3 Kf7 37. Rd3 Ke7 38. Re3+ Kf7 39. Rd3 Be5+ 40. Kb3
Rxb2+ 41. Ka3 Ke7 42. Re3 Ke6 43. Rxe5+ Kxe5 44. Kxb2 h5 45. Kc3 g5 46. Kb4 h4
47. Kb5 g4 48. c6 bxc6+ 49. Kxc6 h3 50. gxh3 g3 51. Kb7 Kd4 52. Kxa7 Kxc4 53. a4
Kb4 54. h4 Kxa4 55. h5 g2 {White resigns} 0-1

[Event "Team 45 45 League T34"]
[Site "Internet Chess Club"]
[Date "2007.07.20"]
[Round "1"]
[White "vaibhav"]
[Black "dinamite"]
[Result "1-0"]
[WhiteElo "2387"]
[BlackElo "2265"]
[Opening "Petrov: Nimzovich attack"]
[ECO "C42"]
[Time "22:17:10"]
[TimeControl "2700+45"]

1. e4 e5 2. Nf3 Nf6 3. Nxe5 d6 4. Nf3 Nxe4 5. Nc3 Nf6 6. d4 Be7 7. Bf4 O-O 8.
Qd2 d5 9. O-O-O Nc6 10. h3 Bf5 11. a3 Ne4 12. Nxe4 Bxe4 13. Ne5 Re8 14. f3 Bg6
15. g3 Nxe5 16. dxe5 c6 17. h4 f6 18. h5 Bf7 19. Bd3 fxe5 20. Bxe5 Bf6 21. Bxf6
Qxf6 22. h6 g6 23. f4 Be6 24. Rdf1 Bf5 25. Bxf5 gxf5 26. Rh5 Re4 27. Rg5+ Kh8
28. Rd1 Rae8 29. Qa5 a6 30. Kb1 R4e7 31. Rh1 Rf7 32. Rh2 Qd6 33. Rhh5 Ref8 34.
Qc3+ d4 35. Qd3 Qd7 36. b4 b6 37. Qe2 Re8 38. Qc4 Re4 39. Rh2 a5 40. bxa5 bxa5
41. Re2 Rxe2 42. Qxe2 Qd6 43. Qe5+ Qxe5 44. fxe5 c5 45. e6 Re7 46. Rxf5 Kg8 47.
Rf6 c4 48. g4 Rb7+ 49. Kc1 Rb8 50. g5 Re8 51. Kd2 Re7 52. a4 Re8 53. Ke2 Re7 54.
Kf3 Rc7 55. Ke4 d3 56. cxd3 c3 57. Rf1 c2 58. Rc1 Kf8 59. d4 Ke8 60. Ke5 {Black
resigns} 1-0

[Event "Team 45 45 League T34"]
[Site "Internet Chess Club"]
[Date "2007.07.22"]
[Round "1"]
[White "Ozgur-Bjk"]
[Black "WesleyCrusher"]
[Result "1/2-1/2"]
[WhiteElo "2170"]
[BlackElo "2057"]
[Opening "Nimzo-Indian: three knights variation"]
[ECO "E21"]
[Time "15:00:35"]
[TimeControl "2700+45"]

1. d4 Nf6 2. c4 e6 3. Nc3 Bb4 4. Nf3 O-O 5. Bg5 h6 6. Bh4 Be7 7. e3 d6 8. Bd3
Nbd7 9. O-O c5 10. Qe2 cxd4 11. exd4 d5 12. cxd5 Nxd5 13. Nxd5 Bxh4 14. Qe4 g6
15. Qxh4 Qxh4 16. Nxh4 exd5 17. Rac1 Re8 18. Nf3 Re6 19. Rc7 Rc6 20. Rc1 Rxc1+
21. Rxc1 Nf6 22. Ne5 Be6 23. f4 Rc8 24. Rxc8+ Bxc8 25. Kf2 Ne8 26. Ke3 Nd6 27.
g4 Kg7 28. h3 h5 29. Kf3 hxg4+ 30. hxg4 Kf6 31. Bc2 Be6 32. b4 {Game drawn by
mutual agreement} 1/2-1/2

[Event "Team 45 45 League T34"]
[Site "Internet Chess Club"]
[Date "2007.07.19"]
[Round "1"]
[White "SuperMathBoy"]
[Black "zoneblitz"]
[Result "1-0"]
[WhiteElo "2074"]
[BlackElo "2067"]
[Opening "Vienna: Paulsen-Mieses variation"]
[ECO "C26"]
[Time "20:03:57"]
[TimeControl "2700+45"]

1. e4 e5 2. Nc3 Nf6 3. g3 Bc5 4. Bg2 O-O 5. Nge2 d6 6. Na4 Bb6 7. Nxb6 axb6 8.
O-O Be6 9. a3 d5 10. d3 dxe4 11. dxe4 Qe7 12. Nc3 Bc4 13. Re1 Rd8 14. Nd5 Nxd5
15. exd5 Qd6 16. Qg4 b5 17. b3 f5 18. Qxf5 Bxd5 19. Rd1 c6 20. c4 bxc4 21. bxc4
Ra5 22. cxd5 cxd5 23. Bb2 Nc6 24. Bc3 Rb5 25. Bb4 Nxb4 26. axb4 d4 27. Ra5 Rxa5
28. bxa5 Qc7 29. Ra1 d3 30. Be4 d2 31. Qxh7+ Kf8 32. Qf5+ Ke7 33. Rd1 Qxa5 34.
Bxb7 Rd6 35. Qg5+ Kf7 36. Bf3 g6 37. Be2 Qd5 38. Qh4 Ke8 39. Bc4 Qf3 40. Bb5+
Kf7 41. Qh7+ Kf6 42. Qh8+ Kf5 43. Qf8+ Ke4 44. Qa8+ Rd5 45. Rxd2 Qc3 46. Qxd5+
Kf5 47. Bd7+ {Black resigns} 1-0

[Event "Team 45 45 League T34"]
[Site "Internet Chess Club"]
[Date "2007.07.23"]
[Round "1"]
[White "dedo2"]
[Black "Yarosavich"]
[Result "1/2-1/2"]
[WhiteElo "2300"]
[BlackElo "2309"]
[Opening "Vienna game"]
[ECO "C25"]
[Time "18:58:54"]
[TimeControl "2700+45"]

1. e4 e5 2. Nc3 Bc5 3. g3 Nc6 4. Bg2 Nf6 5. d3 a6 6. Nge2 d6 7. O-O Bg4 8. h3
Be6 9. Nd5 Qd7 10. Bg5 Ng8 11. Kh2 f6 12. Bd2 Nge7 13. f4 Nd8 14. Nxe7 Qxe7 15.
c3 Ba7 16. d4 Bc4 17. d5 c6 18. b3 Bxe2 19. Qxe2 exf4 20. gxf4 cxd5 21. Qh5+ Qf7
22. Qxf7+ Nxf7 23. exd5 Kd7 24. Rae1 Rae8 25. Bf3 f5 26. c4 Bd4 27. Rxe8 Rxe8
28. Re1 Rxe1 29. Bxe1 Be3 30. Kg3 Nh8 31. Bh5 g6 32. Bc3 Nf7 33. Be2 Bc1 34. Kf3
Nh6 35. Bd3 Ng8 36. b4 Ba3 37. h4 Ke7 38. h5 Nf6 39. hxg6 hxg6 40. Bd2 Nh5 41.
Ke2 b6 42. Kd1 a5 43. bxa5 bxa5 44. Kc2 Bb4 45. Bc1 Nf6 46. Kb3 Nd7 47. a3 Nc5+
48. Kc2 Nxd3 49. Kxd3 Bc5 50. a4 {Game drawn by mutual agreement} 1/2-1/2

[Event "Team 45 45 League T34"]
[Site "Internet Chess Club"]
[Date "2007.07.19"]
[Round "1"]
[White "JustinSane"]
[Black "alegro"]
[Result "1-0"]
[WhiteElo "2248"]
[BlackElo "2240"]
[Opening "Queen's pawn"]
[ECO "A40"]
[Time "14:07:26"]
[TimeControl "2700+45"]

1. d4 e6 2. Nf3 d5 3. Bf4 Nf6 4. e3 c5 5. c3 Nc6 6. Nbd2 a6 7. Bd3 Bd6 8. Bg3 b6
9. O-O Bb7 10. Qe2 O-O 11. Ne5 Qc7 12. f4 Ne7 13. Qf3 a5 14. Bh4 Ng6 15. Bg5 Nd7
16. h4 Ndxe5 17. fxe5 Be7 18. Bxe7 Qxe7 19. h5 Nh4 20. Qg4 Ba6 21. h6 f5 22.
exf6 Rxf6 23. Rxf6 Qxf6 24. Bxa6 Rxa6 25. hxg7 Nf5 26. Qf4 Qxg7 27. dxc5 bxc5
28. e4 dxe4 29. Nxe4 Rb6 30. Rd1 h6 31. Rd8+ Kh7 32. Rd7 Ne7 33. Qc7 {Black
resigns} 1-0

[Event "Team 45 45 League T34"]
[Site "Internet Chess Club"]
[Date "2007.07.24"]
[Round "1"]
[White "mito"]
[Black "gorgon"]
[Result "1-0"]
[WhiteElo "2148"]
[BlackElo "2114"]
[Opening "Queen's pawn game"]
[ECO "E00"]
[Time "17:10:25"]
[TimeControl "2700+45"]

1. d4 Nf6 2. c4 e6 3. a3 d5 4. cxd5 exd5 5. Nc3 c6 6. Bg5 Bd6 7. Qc2 O-O 8. e3
Nbd7 9. Bd3 h6 10. Bh4 Re8 11. Nge2 Nf8 12. Bg3 Bg4 13. O-O Bxe2 14. Nxe2 Ne4
15. Bxe4 Rxe4 16. Rfc1 a5 17. b4 axb4 18. axb4 Rxa1 19. Rxa1 Bxb4 20. Qb3 c5 21.
Nf4 cxd4 22. Qxb4 dxe3 23. Qb2 Qg5 24. fxe3 Rxe3 25. Qxb7 Qe5 26. Rf1 Qd4 27.
Qxd5 Ne6 28. Qxd4 Nxd4 29. Rd1 Ne2+ 30. Kf2 Nc3 31. Rd8+ {Black resigns} 1-0

[Event "Team 45 45 League T34"]
[Site "Internet Chess Club"]
[Date "2007.07.19"]
[Round "1"]
[White "Gil-galad"]
[Black "tini3blas"]
[Result "1/2-1/2"]
[WhiteElo "2085"]
[BlackElo "2095"]
[Opening "Grünfeld: modern exchange variation"]
[ECO "D85"]
[Time "14:53:12"]
[TimeControl "2700+45"]

1. d4 Nf6 2. c4 g6 3. Nc3 d5 4. cxd5 Nxd5 5. e4 Nxc3 6. bxc3 Bg7 7. Nf3 c5 8.
Rb1 O-O 9. Be2 Nc6 10. d5 Ne5 11. Nxe5 Bxe5 12. Qd2 Qa5 13. Rb3 Qa4 14. c4 e6
15. Ra3 Qb4 16. Rb3 Qa4 17. O-O exd5 18. Ra3 Qb4 19. exd5 Re8 20. Bd3 Qb6 21.
Rb3 Qd6 22. Qh6 b6 23. f4 {Game drawn by mutual agreement} 1/2-1/2

[Event "Team 45 45 League T34"]
[Site "Internet Chess Club"]
[Date "2007.07.22"]
[Round "1"]
[White "LeSacAttack"]
[Black "nardz"]
[Result "1-0"]
[WhiteElo "2207"]
[BlackElo "2126"]
[Opening "Sicilian"]
[ECO "B50"]
[Time "06:59:36"]
[TimeControl "2700+45"]

1. e4 c5 2. Nf3 d6 3. c3 c4 4. Bxc4 e6 5. d4 Be7 6. O-O a6 7. Re1 b5 8. Bb3 Bb7
9. Nbd2 Nf6 10. Bc2 Qc7 11. Nf1 Nbd7 12. Ng3 h6 13. a4 Rc8 14. axb5 axb5 15. d5
e5 16. Nh4 g6 17. Nf3 b4 18. Bd2 bxc3 19. Bxc3 O-O 20. Qd2 Kg7 21. Rec1 Qb8 22.
h3 Nb6 23. Qe2 Nbd7 24. Nh2 Ne8 25. Bd2 Rc7 26. Be3 Bc8 27. Qd2 Rh8 28. Ng4 h5
29. Nh6 Nc5 30. b4 Na6 31. Bd3 Rxc1+ 32. Rxc1 Nac7 33. Rc6 Na8 34. b5 Bd7 35.
Rc3 Nb6 36. Be2 Nf6 37. h4 Ng4 38. Nxg4 hxg4 39. h5 gxh5 40. Nf5+ Bxf5 41. exf5
Nd7 42. Rc6 Nf6 43. b6 h4 44. Rc7 Bd8 45. Bh6+ Rxh6 46. Qg5+ Rg6 47. Qxg6+ Kh8
48. Rxf7 {Black resigns} 1-0

[Event "Team 45 45 League T34"]
[Site "Internet Chess Club"]
[Date "2007.07.29"]
[Round "1"]
[White "mitus"]
[Black "izit"]
[Result "0-1"]
[WhiteElo "1885"]
[BlackElo "2106"]
[Opening "Sicilian, Chekhover variation"]
[ECO "B53"]
[Time "12:04:28"]
[TimeControl "2700+45"]

1. e4 c5 2. Nf3 d6 3. d4 cxd4 4. Qxd4 Nc6 5. Bb5 Bd7 6. Bxc6 bxc6 7. Nc3 e5 8.
Qd3 Be7 9. Be3 Be6 10. O-O-O Qa5 11. Bd2 Rb8 12. a3 Qb6 13. Na4 Qb7 14. Ng5 Bd7
15. Qc4 d5 16. Qa2 Nh6 17. Nc3 d4 18. Ne2 f6 19. Nh3 Be6 20. b3 d3 {White
resigns} 0-1

[Event "Team 45 45 League T34"]
[Site "Internet Chess Club"]
[Date "2007.07.19"]
[Round "1"]
[White "SaltofLife"]
[Black "siddhu"]
[Result "1-0"]
[WhiteElo "2051"]
[BlackElo "1807"]
[Opening "Ruy Lopez: Berlin defense, open variation"]
[ECO "C67"]
[Time "13:15:17"]
[TimeControl "2700+45"]

1. e4 e5 2. Nf3 Nc6 3. Bb5 Nf6 4. O-O Nxe4 5. Re1 Nd6 6. Nxe5 Be7 7. Bf1 O-O 8.
d4 Bf6 9. c3 Nf5 10. Ng4 Bg5 11. f4 Bf6 12. d5 Nb8 13. Bd3 d6 14. Nd2 g6 15.
Bxf5 Bxf5 16. Nh6+ Kh8 17. Nxf5 gxf5 18. Qh5 Qd7 19. Re3 Rg8 20. Rh3 Rg7 21. Nf1
Na6 22. Ng3 Rag8 23. Be3 Nc5 24. Nxf5 Rxg2+ 25. Kh1 R8g7 26. Nxg7 Rxg7 27. Rg1
Rxg1+ 28. Kxg1 Kg8 29. Bd4 Qe7 30. Qxh7+ Kf8 31. Qh6+ Ke8 32. Qxf6 Qe1+ 33. Kg2
Qe2+ 34. Bf2 Qe4+ 35. Kf1 Qb1+ 36. Be1 {Black resigns} 1-0

[Event "Team 45 45 League T34"]
[Site "Internet Chess Club"]
[Date "2007.07.20"]
[Round "1"]
[White "makito"]
[Black "JimGrange"]
[Result "1-0"]
[WhiteElo "1800"]
[BlackElo "1927"]
[Opening "Vulture defense"]
[ECO "A56"]
[Time "04:02:37"]
[TimeControl "2700+45"]

1. d4 Nf6 2. c4 c5 3. d5 Ne4 4. Qc2 Qa5+ 5. Nd2 Nf6 6. e4 d6 7. Be2 g6 8. b3 Bg7
9. Bb2 O-O 10. Nf3 Nxe4 11. Bxg7 Nxd2 12. Bc3 Nxf3+ 13. Bxf3 Qc7 14. O-O Bf5 15.
Qd2 f6 16. Rfe1 Na6 17. g4 Bc8 18. a3 Re8 19. Bxf6 Bxg4 20. Bxg4 exf6 21. Be6+
Kh8 22. Qf4 Kg7 23. Re3 Re7 24. Rae1 Rae8 25. Rh3 h5 26. Ree3 Rf8 27. Rxh5 Rxe6
28. Qh6+ Kf7 29. dxe6+ Ke8 30. Qxg6+ {Black resigns} 1-0

[Event "Team 45 45 League T34"]
[Site "Internet Chess Club"]
[Date "2007.07.22"]
[Round "1"]
[White "Checkmates"]
[Black "pchak87"]
[Result "1-0"]
[WhiteElo "2311"]
[BlackElo "2275"]
[Opening "Benoni defense"]
[ECO "A61"]
[Time "00:59:52"]
[TimeControl "2700+45"]

1. d4 Nf6 2. c4 c5 3. d5 e6 4. Nc3 exd5 5. cxd5 d6 6. Nf3 g6 7. Bf4 Bg7 8. Qa4+
Bd7 9. Qb3 b5 10. Bxd6 b4 11. Nb5 Bxb5 12. Qe3+ Kd7 13. Ne5+ Kxd6 14. Nxf7+ Kd7
15. Qe6+ Kc7 16. Nxd8 Rxd8 17. Qe7+ Nbd7 18. d6+ Kb6 19. Qxg7 Rg8 20. Qh6 Raf8
21. Qc1 g5 22. e3 Bc6 23. Qc4 Nb8 24. Rc1 Nfd7 25. Be2 a6 26. O-O Rg6 27. Rfd1
Rgf6 28. f3 g4 29. f4 h5 30. a3 a5 31. axb4 axb4 32. Ra1 Kb7 33. Qa2 {Black
resigns} 1-0

[Event "Team 45 45 League T34"]
[Site "Internet Chess Club"]
[Date "2007.07.19"]
[Round "1"]
[White "kingcapture"]
[Black "fozzy"]
[Result "1-0"]
[WhiteElo "2315"]
[BlackElo "2223"]
[Opening "Sicilian defense"]
[ECO "B40"]
[Time "14:04:12"]
[TimeControl "2700+45"]

1. e4 c5 2. Nf3 e6 3. d3 Nc6 4. g3 Nge7 5. Bg2 g6 6. d4 cxd4 7. Nxd4 a6 8. Nxc6
Nxc6 9. O-O Bg7 10. c3 O-O 11. Bf4 Ne5 12. Qd6 Nc4 13. Qb4 b5 14. b3 Ne5 15. Qd6
Qf6 16. Bd2 Nf3+ 17. Kh1 Nxd2 18. Qxd2 Ra7 19. f4 Qe7 20. e5 f6 21. Qe3 Rc7 22.
b4 fxe5 23. fxe5 Rxf1+ 24. Bxf1 Qf8 25. Bh3 Bh6 26. Qe2 Bb7+ 27. Bg2 Bxg2+ 28.
Kxg2 Qf5 29. a4 bxa4 30. g4 Qf4 31. Rxa4 Bg7 32. Qf3 Bxe5 33. Qxf4 Bxf4 34. Rxa6
Be5 35. Ra3 Kf7 36. h3 Ke7 37. Kf3 Kd6 38. Nd2 Rxc3+ 39. Rxc3 Bxc3 40. Ne4+
{Black resigns} 1-0

[Event "Team 45 45 League T34"]
[Site "Internet Chess Club"]
[Date "2007.07.24"]
[Round "1"]
[White "samikd"]
[Black "onslaught"]
[Result "1-0"]
[WhiteElo "2033"]
[BlackElo "2173"]
[Opening "Richter-Veresov attack"]
[ECO "D01"]
[Time "22:04:45"]
[TimeControl "2700+45"]

1. d4 d5 2. Nc3 Nf6 3. Bg5 Nbd7 4. f3 h6 5. Bf4 c6 6. e4 dxe4 7. fxe4 e5 8. dxe5
Ng8 9. e6 fxe6 10. Qh5+ Ke7 11. O-O-O Qe8 12. Bd6+ Kd8 13. Qh3 Ngf6 14. Nf3 Bxd6
15. Rxd6 Kc7 16. Rxe6 Qg6 17. Re7 Ng4 18. Bc4 Nf2 19. Re6 Nf6 20. Qh4 Bxe6 21.
Qf4+ Kd8 22. Bxe6 N6xe4 23. Nxe4 Nd3+ 24. cxd3 Qxe6 25. Re1 Rg8 26. Nc5 {Black
resigns} 1-0

[Event "Team 45 45 League T34"]
[Site "Internet Chess Club"]
[Date "2007.07.20"]
[Round "1"]
[White "HocusPocus"]
[Black "Holzschlange"]
[Result "1/2-1/2"]
[WhiteElo "2148"]
[BlackElo "1952"]
[Opening "Petrov: Nimzovich attack"]
[ECO "C42"]
[Time "11:04:26"]
[TimeControl "2700+45"]

1. e4 e5 2. Nf3 Nf6 3. Nxe5 d6 4. Nf3 Nxe4 5. Nc3 Nxc3 6. dxc3 Be7 7. Bf4 Nd7 8.
Qd2 Nc5 9. O-O-O Bg4 10. Be2 O-O 11. h3 Bh5 12. g4 Bg6 13. Nd4 Ne6 14. Bg3 Nc5
15. f3 a5 16. Bd3 d5 17. Nf5 Bxf5 18. Bxf5 c6 19. h4 g6 20. Bd3 Nxd3+ 21. cxd3
b5 22. Qh2 h6 23. Qd2 Kg7 24. Rde1 b4 25. Bf4 Rh8 26. Qe3 Bxh4 27. Re2 Bg5 28.
Bxg5 Qxg5 29. Qxg5 hxg5 30. Rxh8 Rxh8 31. cxb4 axb4 32. Kc2 Kf6 33. d4 Rb8 34.
Re3 Rb5 35. Rb3 Ke6 36. a3 bxa3 37. bxa3 Kd6 38. Kc3 Ra5 39. Kb4 Ra7 40. a4 f5
41. a5 fxg4 42. fxg4 Rb7+ 43. Ka4 Ra7 44. Rb8 c5 45. Rb6+ Kc7 46. dxc5 Ra8 47.
Rd6 d4 48. Rxd4 Kc6 49. Rd6+ Kxc5 50. Rxg6 Rb8 51. Rxg5+ Kc4 52. Rg7 Rb4+ 53.
Ka3 Rb3+ 54. Ka2 Rb5 55. Ra7 Rg5 56. Rc7+ Kb5 {Game drawn by mutual agreement}
1/2-1/2